 Dungeon Crawl Stone Soup version 0.21.1-1-g345015fe64 (webtiles) character file.

45 PikkenKukken the Chiller (level 3, 0/25 HPs)
             Began as a Merfolk Ice Elementalist on June 5, 2018.
             Slain by an adder (5 damage)
             ... on level 2 of the Dungeon.
             The game lasted 00:08:55 (2009 turns).

PikkenKukken the Chiller (Merfolk Ice Elementalist) Turns: 2009, Time: 00:08:55

Health: 0/25       AC:  2    Str:  8    XL:     3   Next: 64%
Magic:  0/6        EV: 13    Int: 15    God:
Gold:   37         SH:  0    Dex: 14    Spells: 0/6 levels left

rFire    . . .     SeeInvis .   d - +0 halberd
rCold    . . .     Gourm    .   (shield currently unavailable)
rNeg     . . .     Faith    .   a - +0 robe
rPois    .         Spirit   .   (no helmet)
rElec    .         Reflect  .   (no cloak)
rCorr    .         Harm     .   (no gloves)
MR       .....                  (no boots)
Stlth    ++........             (no amulet)
HPRegen  0.08/turn              (no ring)
MPRegen  0.10/turn              (no ring)

@: very slightly contaminated
A: change form in water, swift swim, stealthy swim, claws 1, wild magic 1
a: no special abilities


You were on level 2 of the Dungeon.
You were not hungry.

You visited 1 branch of the dungeon, and saw 2 of its levels.

You collected 37 gold pieces.

Inventory:

Hand Weapons
 d - a +0 halberd (weapon)
Armour
 a - a +0 robe (worn)
Jewellery
 g - an uncursed ring of see invisible {unknown}
Books
 b - a book of Frost

   Spells                             Type                      Level
   a - Freeze                         Ice                          1
   b - Throw Frost                    Conjuration/Ice              2
   c - Ozocubu's Armour               Charms/Ice                   3
   d - Throw Icicle                   Conjuration/Ice              4
   e - Summon Ice Beast               Ice/Summoning                4
Comestibles
 c - a ration
 f - 3 chunks of flesh


   Skills:
 + Level 0.6 Fighting
 * Level 0.2 Polearms
 + Level 3.2 Dodging
 - Level 2.1 Stealth
 + Level 2.4 Spellcasting
 + Level 0.7 Conjurations
 + Level 4.1 Ice Magic


You couldn't memorise any spells.
You knew the following spells:

 Your Spells              Type           Power        Failure   Level  Hunger
a - Freeze                Ice            ###.         6%          1    #......
b - Throw Frost           Conj/Ice       ##....       17%         2    ###....
c - Ozocubu's Armour      Chrm/Ice       ##......     34%         3    ###....


Dungeon Overview and Level Annotations

Branches:
Dungeon (2/15)

Altars:


Innate Abilities, Weirdness & Mutations

You revert to your normal form in water.
You are very nimble and swift while swimming.
You are very stealthy in the water. (Stealth+)
You have sharp fingernails.
Your spells are a little harder to cast, but a little more powerful.


Message History

You are no longer poisoned.
The adder bites you.
* * * LOW HITPOINT WARNING * * *
Casting: Freeze
Confirm with . or Enter, or press ? or * to list all spells.
Aiming: Freeze
Press: ? - help, Shift-Dir - straight line, f/p - adder
Aim: an adder (lightly wounded)
You freeze the adder.
The adder is heavily wounded.
The adder closely misses you.
Casting: Freeze
Confirm with . or Enter, or press ? or * to list all spells.
Aiming: Freeze
Press: ? - help, Shift-Dir - straight line, f/p - adder
Aim: an adder (heavily wounded)
You freeze the adder.
The adder is heavily wounded.
The adder bites you.
You die...

.. #.#..##.# #
#.###.#..##.# .##
#...........##
...##
##...[.##..##.....#
#..............#
##)..#.####...#.#
##.##........#
#S#########..###
#@# #... . ##'##
#..##.. ##...##
#####....#
##.....##
#...#.####
##.......## #.#...#
#.........###....##
+.........'.......#
#...<.....####...##
##.......## #..##


You could see an adder.

Vanquished Creatures
  A gnoll (D:1)
  A worm (D:2)
  A dart slug (D:1)
  A leopard gecko (D:1)
  3 giant cockroaches
  2 goblins (D:1)
  5 hobgoblins
  2 jackals (D:1)
  3 kobolds (D:1)
  A bat (D:1)
  A frilled lizard (D:1)
  7 rats
28 creatures vanquished.

Vanquished Creatures (others)
  A ghoul (D:1)
  An octopode (D:1)
  A gargoyle (D:1)
  2 vine stalkers (D:1)
  A formicid (D:1)
  A vampire (D:1)
  A naga (D:1)
  A centaur (D:1)
  A mummy (D:1)
  An orc (D:1)
  A kobold (D:1)
  8 tentacles (D:1)
20 creatures vanquished.

Grand Total: 48 creatures vanquished

Notes
Turn   | Place    | Note
-------+----------+-------------------------------------------
     0 | D:1      | PikkenKukken the Merfolk Ice Elementalist began the quest for the Orb.
     0 | D:1      | Reached XP level 1. HP: 13/13 MP: 3/3
     0 | D:1      | Noticed a ghoul
     0 | D:1      | Noticed a vine stalker
     0 | D:1      | Noticed a centaur
     0 | D:1      | Noticed a gargoyle
     0 | D:1      | Noticed a kraken
     0 | D:1      | Noticed a naga
     0 | D:1      | Noticed a vampire
     0 | D:1      | Noticed a formicid
     0 | D:1      | Noticed a vine stalker
     0 | D:1      | Noticed an octopode
     3 | D:1      | Killed a centaur
     4 | D:1      | Killed a gargoyle
    10 | D:1      | Killed a vine stalker
    15 | D:1      | Killed a naga
    20 | D:1      | Killed an octopode
    23 | D:1      | Killed a vampire
    24 | D:1      | Killed a vine stalker
    24 | D:1      | Killed a formicid
    28 | D:1      | Killed a ghoul
   450 | D:1      | Reached XP level 2. HP: 19/19 MP: 3/5
   574 | D:1      | Learned a level 2 spell: Throw Frost
   574 | D:1      | Reached skill level 4 in Ice Magic
   608 | D:1      | Gained mutation: You have sharp fingernails. [potion of mutation]
   608 | D:1      | Gained mutation: Your spells are a little harder to cast, but a little more powerful. [potion of mutation]
  1152 | D:1      | Reached XP level 3. HP: 25/25 MP: 1/6
  1899 | D:1      | Learned a level 3 spell: Ozocubu's Armour
  2009 | D:2      | Slain by an adder

Skill      XL: |  1  2 |
---------------+-------+-----
Ice Magic      | 4 |  4.1
Dodging        | 3 |  3.2
Fighting       | |  0.6
Polearms       | |  0.2
Stealth        | |  2.1
Spellcasting   | |  2.4
Conjurations   | |  0.7

Action                   || total
-------------------------++-------
Melee: Unarmed           ||    40
       Halberd           ||    18
 Cast: Freeze            ||    28
       Throw Frost       ||    13
       Ozocubu's Armour  ||     2
  Use: Potion            ||     1
       Scroll            ||     2
  Eat: Chunk             ||     3
       Ration            ||     1
Armor: Robe              ||    12
Dodge: Dodged            ||    54
